 Dungeon Crawl Stone Soup version 0.17.0-28-g6e173f8 (webtiles) character file.

57 baaltosaur the Covered (level 4, 0/28 HPs)
             Began as a Gargoyle Fighter on Nov 24, 2015.
             Was an Initiate of Okawaru.
             Slain by a crimson imp (3 damage)
             ... summoned by Natasha
             ... on level 2 of the Dungeon.
             The game lasted 00:12:25 (1225 turns).

baaltosaur the Covered (Gargoyle Fighter)           Turns: 1225, Time: 00:12:25

Health: 0/28       AC: 14    Str: 21    XL:     4   Next: 0%
Magic:  4/4        EV:  5    Int:  8    God:    Okawaru [......]
Gold:   22         SH:  9    Dex:  9    Spells: 0 memorised, 3 levels left

rFire  . . .     SeeInvis .     a - +0 war axe
rCold  . . .     Clarity  .     j - +1 chain mail
rNeg   + . .     SustAt   .     c - +0 shield
rPois  ∞         Gourm    .     (no helmet)
rElec  +         Spirit   .     (no cloak)
rCorr  .         Warding  .     (no gloves)
rMut   .         Stasis   .     (no boots)
MR     .....                    (no amulet)
Stlth  ..........               (no ring)
                                (no ring)

@: very slightly contaminated, hasted, very quick, not resistant to hostile
enchantments, extremely unstealthy
A: negative energy resistance 1, electricity resistance, unbreathing,
petrification resistance, rot immunity, AC +3
a: Renounce Religion


You were on level 2 of the Dungeon.
You worshipped Okawaru.
Okawaru was noncommittal.
You were full.

You visited 1 branch of the dungeon, and saw 2 of its levels.

You collected 22 gold pieces.

Inventory:

Hand Weapons
 a - a +0 war axe (weapon)
Armour
 b - a +0 scale mail
 c - a +0 shield (worn)
 j - a +1 chain mail (worn)
Scrolls
 q - a scroll of immolation


   Skills:
 + Level 3.5 Fighting
 + Level 2.1 Axes
 + Level 4.2 Armour
 + Level 0.8 Dodging
 + Level 3.6 Shields


You had 3 spell levels left.
You didn't know any spells.

Dungeon Overview and Level Annotations

Branches:
Dungeon (2/15)

Altars:
Okawaru

Annotations:
D:2 Natasha


Innate Abilities, Weirdness & Mutations

You are resistant to torment.
Your stone body is resilient (AC +3).
You are immune to poison.
You resist negative energy.
You are resistant to electric shocks.
You can survive without breathing.
You are immune to petrification.
You are immune to rotting.


Message History

It was a potion of poison.
You feel slightly nauseous. Natasha claws you but does no damage.
It was a potion of haste.
You feel yourself speed up. Natasha casts a spell next to you.
A cloud of flames roars to life!
You are very lightly contaminated with residual magic.
As you read the scroll labeled RYTWUA IPEILI, it crumbles to dust.
You assume a fearsome visage.
Natasha looks frightened!
It was a scroll of fear.
As you read the scroll labeled UBUOCU HI POU, it crumbles to dust.
It is a scroll of enchant armour.
Enchant which item? (? for menu, Esc to quit)
Your +0 chain mail glows green for a moment.
Natasha casts a spell.
You continue eating.
The crimson imp hits you.
* * * LOW HITPOINT WARNING * * *
You continue eating.
The crimson imp hits you.
You die...

### ..# #.# ### #.# #.. #.#
#.# #.# #.#
########.######### #.# .
#h(.5@§..........###.#
....##.(#####..##.........#
...........#
#..##.###(#####
......#..#.#
#..##.###.#####
......##.#.#
#..##.##.)..... ..... ...<)
...##.##†.##### ..#>#
##.#.####.##..#..#.... # #.
#.#.##............### .
#.#.##.#.###......# #


You could see Natasha (fleeing) and a crimson imp.

Vanquished Creatures
  Natasha (D:2)
  A giant gecko (D:1)
  2 bats
  2 giant cockroaches (D:2)
  5 goblins
  6 hobgoblins
  7 kobolds
  A ball python (D:1)
  A giant newt (D:1)
  3 rats (D:1)
29 creatures vanquished.

Notes
Turn   | Place    | Note
--------------------------------------------------------------
     0 | D:1      | baaltosaur the Gargoyle Fighter began the quest for the Orb.
     0 | D:1      | Reached XP level 1. HP: 14/14 MP: 1/1
   295 | D:1      | Reached XP level 2. HP: 19/19 MP: 2/2
   444 | D:1      | Found an iron altar of Okawaru.
   455 | D:1      | Became a worshipper of Warmaster Okawaru
   981 | D:2      | Reached XP level 3. HP: 23/23 MP: 3/3
  1157 | D:2      | Noticed Natasha
  1189 | D:2      | Reached skill level 4 in Armour
  1190 | D:2      | Killed Natasha
  1190 | D:2      | Reached XP level 4. HP: 3/28 MP: 4/4
  1213 | D:2      | Noticed Natasha
  1225 | D:2      | Slain by a crimson imp

Action                   |  1- 3 |  4- 6 || total
-------------------------+-------+-------++-------
Melee: War axe           |   104 |     2 ||   106
  Use: Scroll            |     2 |     2 ||     4
       Potion            |     1 |     2 ||     3
  Eat: Pizza             |     1 |       ||     1
       Bread ration      |       |     1 ||     1
